 Dungeon Crawl Stone Soup version 0.31.0-12-g77e489cdc1 (webtiles) character file.

Game seed: 2222105616400995028

1097 Silvore the Slasher (level 8, -1/55 (61) HPs)
             Began as a Demonspawn Fighter on Feb 12, 2024.
             Slain by a wight
             ... wielding a +3 falchion
              (6 damage)
             ... on level 6 of the Dungeon.
             The game lasted 00:07:18 (5346 turns).

Silvore the Slasher (Demonspawn Fighter)            Turns: 5346, Time: 00:07:19

HP:   -1/55 (61)    AC: 16    Str: 18    XL:     8   Next: 10%
MP:   8/8           EV:  7    Int:  9    God:
Gold: 368           SH:  0    Dex: 13    Spells: 7/7 levels left

rFire   . . .        a - +1 long sword
rCold   . . .        r - orb {light}
rNeg    . . .        l - +0 plate armour
rPois   .            (helmet restricted)
rElec   .            (no cloak)
rCorr   .            w - +0 pair of gloves
SInv    .            m - +2 pair of boots
Will    .....        (no amulet) Stlth
                     (no ring)
HPRegen 0.29/turn    (no ring)
MPRegen 0.11/turn

%: no passive effects
@: mighty, on berserk cooldown, slowed, glowing, drained, very slow
A: horns 2, powered by pain 2, sturdy frame 1
a: no special abilities


You were on level 6 of the Dungeon.
You visited 2 branches of the dungeon, and saw 8 of its levels.

You collected 368 gold pieces.

Inventory:

Hand Weapons
 a - a +1 long sword (weapon)
Armour
 b - a +0 scale mail
 c - a +1 buckler
 l - a +0 plate armour (worn)
 m - a +2 pair of boots (worn)
 r - an orb of light (worn)
 w - a +0 pair of gloves (worn)
Jewellery
 v - an amulet of the acrobat
Wands
 n - a wand of light (7)
 o - a wand of paralysis (4)
 s - a wand of iceblast (9)
 t - a wand of digging (6)
Scrolls
 e - 2 scrolls of fog
 f - 2 scrolls of enchant weapon
 g - 4 scrolls of teleportation
 y - a scroll of enchant armour
Potions
 d - a potion of might
 h - 2 potions of haste
 i - 2 potions of attraction
 j - a potion of ambrosia
 k - a potion of degeneration
 p - a potion of resistance
 q - a potion of curing
 z - a potion of heal wounds {unknown}


   Skills:
 + Level 4.9 Fighting
 + Level 5.8 Long Blades
 + Level 5.0 Armour
 + Level 1.4 Dodging
 + Level 4.1 Shields


You had 7 spell levels left.
You didn't know any spells.
Your spell library contained the following spells:

 Spells                   Type           Power      Damage    Failure   Level
 Magic Dart               Conj           0%         1d3       100%        1
 Sting                    Conj/Alch      0%         1d3       100%        1
 Blink                    Tloc           0%         N/A       100%        2
 Call Imp                 Summ           0%         N/A       100%        2
 Searing Ray              Conj           0%         2d4       100%        2
 Dazzling Flash           Conj/Hex       0%         N/A       100%        3
 Flame Wave               Conj/Fire      0%         2d4       100%        4
 Fulminant Prism          Conj/Alch      0%         3d5       100%        4
 Summon Forest            Summ/Tloc      0%         N/A       100%        5
 Summon Mana Viper        Hex/Summ       0%         N/A       100%        5
 Summon Cactus Giant      Summ           0%         N/A       100%        6


Dungeon Overview and Level Annotations

Branches:
Dungeon (7/15)             Temple (1/1) D:5

Altars:
Ashenzari
Dithmenos
Gozag
Hepliaklqana
Kikubaaqudgha
Makhleb
Nemelex Xobeh
Qazlal
Ru
Sif Muna
Uskayaw
Vehumet
Wu Jian
Xom
Yredelemnul

Shops:
D:2 (

Annotations:
D:7 Jeremiah


Innate Abilities, Weirdness & Mutations

You have a pair of horns on your head.
You sometimes gain power by taking damage.
Your movements are slightly less encumbered by armour. (ER -2)


Message History

The wight hits you but does no damage. x3
You slash the wight!
You destroy the wight!
The butterfly disappears in a burst of colours!
The wight hits you from afar with a +0 trident.
* * * LOW HITPOINT WARNING * * *
You feel drained.
* * * LOW HITPOINT WARNING * * *
The wight hits you but does no damage.
Your Armour skill increases to level 5!
It was a potion of magic.
Magic courses through your body.
The wight hits you from afar with a +0 trident.
* * * LOW HITPOINT WARNING * * *
You feel drained.
* * * LOW HITPOINT WARNING * * *
The wight barely misses you.
It was a potion of berserk rage.
A red film seems to cover your vision as you go berserk!
You feel yourself moving faster!
You feel mighty!
The butterfly disappears in a burst of colours!
The wight closely misses you. The wight hits you but does no damage.
You feel a strong urge to attack something.
There is a stone staircase leading up, spattered with blood here.
Jeremiah asks, "Where am I?
Why are you fighting me?"
You climb upwards.
Reactivating autopickup.
You feel your anger nearly subside.
You are no longer berserk.
You are exhausted.
You feel yourself slow down.
There is a stone staircase leading down, spattered with blood here.
You hit the wight.
The wight is lightly damaged.
The wight hits you with a +3 falchion.
* * * LOW HITPOINT WARNING * * *
The wight hits you but does no damage.
Unknown command.
You hit the wight. You headbutt the wight.
The wight is heavily damaged.
The wight closely misses you. The wight hits you with a +3 falchion.
You die...

##..........##### #.#.## #.._..##
###..#..........# #..#.#####.#.#
........#.#####.###.###.## #...#
###.......# #<##.## ##.#######
#.##...## #.#.## ##.# ###.##...#
##.##.## ##.##
.........#####...##.###.## #
...).#..........[)...#..# ##
..)).#....####.z@###....########.
#+#..#....# ##)####........(...#
+_+..#....# #.###.....###.....#
#'#..#....# #.##..........##..#
....##..#######.###.....###.##.#>
....##..........# ##...## #.##.##
.).####.######### ##.## #.##.##
##.# #....# ### #.##...
##.####.##.# #.##...


You could see a wight.

Vanquished Creatures
  A human (D:6)
  An ogre (D:5)
  2 phantoms (D:5)
  2 scorpions (D:6)
  A wight (D:7)
  8 hounds
  A gnoll bouda (D:6)
  2 orc priests
  Natasha (thrice) (D:4)
  2 orc wizards
  10 gnolls
  5 adders
  A white imp (D:6)
  2 ribbon worms (D:2)
  3 dart slugs
  10 orcs
  4 bats
  5 endoplasms
  2 giant cockroaches
  9 hobgoblins
  7 jackals
  7 kobolds
  7 quokkas
  5 ball pythons
  6 frilled lizards
  11 goblins
  A jackal skeleton (D:6)
  2 rats
120 creatures vanquished.

Notes
Turn   | Place    | Note
-------+----------+-------------------------------------------
     0 | D:1      | Silvore the Demonspawn Fighter began the quest for the Orb.
     0 | D:1      | Reached XP level 1. HP: 18/18 MP: 1/1
    52 | D:1      | Gained mutation: You sometimes gain a little power by
                  | taking damage. [demonic ancestry]
    52 | D:1      | Reached XP level 2. HP: 24/24 MP: 2/2
   650 | D:1      | Gained mutation: You have a pair of small horns on your
                  | head. [demonic ancestry]
   650 | D:1      | Reached XP level 3. HP: 29/29 MP: 3/3
  1394 | D:2      | Found a faded altar of an unknown god.
  1487 | D:2      | Reached XP level 4. HP: 35/35 MP: 4/4
  1604 | D:2      | Got the Quarto of Pyromancy and the Salvo
  1666 | D:2      | Found Imotesha's Antique Weapon Emporium.
  2032 | D:3      | Found a hazy altar of Hepliaklqana.
  2161 | D:3      | Gained mutation: You sometimes gain power by taking damage.
                  | [demonic ancestry]
  2161 | D:3      | Reached XP level 5. HP: 41/41 MP: 5/5
  2796 | D:4      | Found a sacrificial altar of Ru.
  2954 | D:4      | Found an opulent altar of Gozag.
  2989 | D:4      | Noticed Natasha
  2997 | D:4      | Killed Natasha
  2998 | D:4      | Gained mutation: You have a pair of horns on your head.
                  | [demonic ancestry]
  2998 | D:4      | Reached XP level 6. HP: 41/48 MP: 6/6
  3026 | D:4      | Found a broken altar of Ashenzari.
  3030 | D:4      | Noticed Natasha
  3040 | D:4      | Killed Natasha
  3129 | D:4      | Noticed Natasha
  3139 | D:4      | Killed Natasha
  3414 | D:5      | Entered Level 5 of the Dungeon
  3425 | D:5      | Found a staircase to the Ecumenical Temple.
  3432 | Temple   | Entered the Ecumenical Temple
  3534 | D:5      | Reached XP level 7. HP: 45/54 MP: 7/7
  4025 | D:6      | Reached skill level 5 in Long Blades
  4097 | D:6      | Found a runed translucent door.
  4097 | D:6      | Noticed a human
  4104 | D:6      | Found a basalt altar of Yredelemnul.
  4109 | D:6      | Reached skill level 1 in Dodging
  4133 | D:6      | Killed a human
  4238 | D:6      | Found a stormy altar of Qazlal.
  4241 | D:6      | Noticed a fire elemental
  4242 | D:6      | Noticed an air elemental
  4242 | D:6      | Noticed a water elemental
  4374 | D:6      | Found an ancient bone altar of Kikubaaqudgha.
  4691 | D:6      | Found a radiant altar of Vehumet.
  5000 | D:7      | Noticed Jeremiah
  5017 | D:6      | Gained mutation: Your movements are slightly less
                  | encumbered by armour. (ER -2) [demonic ancestry]
  5017 | D:6      | Reached XP level 8. HP: 27/61 MP: 8/8
  5340 | D:7      | Reached skill level 5 in Armour
  5346 | D:6      | Slain by a wight

Illustrated notes

Levels and vault maps discovered:
D:1:      mainiacjoe_arrival_oval_in_oval, layout_loops_corners,
          dk_noncrumbling_2, serial_bayou_lagoon_a
D:2:      layout_loops_ring, hellmonk_ecumenical_altar_inner_sanctum,
          serial_shops, nicolae_shop_waterfront, minmay_indecisive_spiral
D:3:      layout_basic, mainiacjoe_overflow_small_starburst,
          small_statue_intersection
D:4:      layout_basic, mainiacjoe_overflow_alcove_4,
          mainiacjoe_overflow_catwalk_spiral, hangedman_decor_diamond_cutter,
          uniq_natasha
D:5:      layout_rooms, minmay_temple_entry_gardened_gates
D:6:      layout_loops_ring, dk_yredelemnul_ordeal, lemuel_crystal_altar,
          nicolae_qazlal_style_of_elements, kennysheep_mini_moat
D:7:      old_forge, layout_gridville, lemuel_coloured_pillars_altar,
          nrook_mini_vaults, st_stairs_7, minivault_5, uniq_duvessa,
          uniq_jeremiah
Temple:   hellmonk_temple_rainy

Skill      XL: |  1  2  3  4  5  6  7  8 |
---------------+-------------------------+-----
Shields        | 3 4 |  4.1
Long Blades    | 2 3 4 5 |  5.8
Armour         | 3 4 5 |  5.0
Fighting       | 4 |  4.9
Dodging        | 1 |  1.4

Action                     |  1- 3 |  4- 6 |  7- 9 || total
---------------------------+-------+-------+-------++-------
  Melee: Long sword        |   119 |   194 |   104 ||   417
         Headbutt          |     8 |    25 |    26 ||    59
    Use: Scroll            |     5 |     6 |     4 ||    15
         Potion            |       |       |     3 ||     3
 Armour: Scale mail        |    91 |     1 |       ||    92
         Plate armour      |       |   186 |   121 ||   307
  Dodge: Dodged            |    48 |    65 |    46 ||   159
  Block: Buckler           |    21 |    55 |       ||    76
